Map: Piliers d'or EC

Players

Averon - Winner!

  • Race: Protoss Protoss
  • League: Bronze
  • Spawn Location: 1:00

SolarCielo

  • Race: Terran Terran
  • League: Silver
  • Spawn Location: 7:00

VOD

Have the link to the VOD?

Description

Time

  • Played on: Nov. 7, 2020, 7:32 a.m.
  • Length: 3:19
Show
View Real Time Build Order
Export as new Build Order

Averon Protoss - Winner!

Build Orders:  

Get SALT Encoding   

  12  0:00  Probe (Chrono Boost)  
  13  0:16  Pylon  
  13  0:17  Probe (Chrono Boost)  
  14  0:29  Probe  
  15  0:37  Forge  
  15  0:41  Probe  
  16  0:57  Pylon  
  16  1:23  Photon Cannon  
  15  2:01  Photon Cannon  
  15  2:06  Photon Cannon  
  15  2:12  Pylon  
  15  2:28  Photon Cannon  
  15  2:41  Photon Cannon  
  15  2:51  Photon Cannon  
  15  2:57  Photon Cannon  
  15  3:06  Pylon  
  15  3:18  Photon Cannon  
Show
View Real Time Build Order
Export as new Build Order

SolarCielo Terran 

Build Orders:  

Get SALT Encoding   

  12  0:01  SCV  
  13  0:15  Supply Depot  
  13  0:18  SCV  
  14  0:30  SCV  
  15  0:42  SCV  
  16  0:45  Barracks  
  16  0:54  SCV  
  17  1:06  SCV  
  18  1:18  SCV  
  19  1:31  SCV  
  20  1:43  SCV  
  21  1:50  Refinery  
  21  1:55  SCV  
  21  1:58  Marine  
  23  2:09  Engineering Bay  
  17  2:48  Refinery  
Tags
 
Add a new tag
Caveats
  • Supply blocks, unpowered buildings, or Contaminate may cause inaccurate times.
  • Supply counts are checked every 10 seconds.